 Dungeon Crawl Stone Soup version 0.21-a0-528-gf531e82 (webtiles) character file.

46 Amnesiac the Shooter (level 3, 0/27 HPs)
             Began as a Mummy Hunter on Dec 8, 2017.
             Slain by a worm (9 damage)
             ... on level 2 of the Dungeon.
             The game lasted 00:00:52 (996 turns).

Amnesiac the Shooter (Mummy Hunter)                  Turns: 996, Time: 00:00:53

Health: 0/27       AC:  3    Str: 16    XL:     3   Next: 46%
Magic:  3/3        EV: 12    Int: 10    God:
Gold:   59         SH:  0    Dex: 12    Spells: 2/2 levels left

rFire    x . .     SeeInvis .   b - +0 short sword
rCold    + . .     Gourm    .   (no shield)
rNeg     + + +     Faith    .   c - +0 leather armour
rPois    ∞         Spirit   .   (no helmet)
rElec    .         Reflect  .   (no cloak)
rCorr    .         Harm     .   (no gloves)
MR       .....                  (no boots)
Stlth    +.........             (no amulet)
HPRegen  0.09/turn              (no ring)
MPRegen  0.08/turn              (no ring)

@: no status effects
A: no food or potions, fire vulnerability, cold resistance 1, negative energy
resistance 3, torment resistance, unbreathing
a: no special abilities


You were on level 2 of the Dungeon.
You were not hungry.

You visited 1 branch of the dungeon, and saw 2 of its levels.

You collected 59 gold pieces.

Inventory:

Hand Weapons
 a - a +1 shortbow
 b - a +0 short sword (weapon)
Missiles
 d - 19 arrows
Armour
 c - a +0 leather armour (worn)
 f - a +0 pair of boots
Scrolls
 e - a scroll of remove curse {!r, unknown}
 g - a scroll of teleportation {!r, unknown}
 h - 3 scrolls of identify {!r, unknown}
 i - a scroll of enchant armour {!r, unknown}
 j - a scroll of random uselessness {!r, unknown}
 k - 2 scrolls of enchant weapon {!r, unknown}
 l - a scroll of fog {!r, unknown}


   Skills:
 + Level 2.2 Fighting
 * Level 3.5 Bows
 + Level 1.8 Armour
 + Level 1.8 Dodging
 - Level 0.7 Stealth


You had 2 spell levels left.
You didn't know any spells.

Dungeon Overview and Level Annotations

Branches:
Dungeon (2/15)

Altars:


Innate Abilities, Weirdness & Mutations

You do not eat or drink.
Your flesh is vulnerable to fire.
You are immune to poison.
Your flesh is cold resistant. (rC+)
You are immune to negative energy. (rN+++)
You are immune to unholy pain and torment.
You can survive without breathing.


Message History

You hit the goblin but do no damage.
The goblin is heavily wounded.
The goblin hits you.
You hit the goblin.
The goblin is heavily wounded.
The goblin barely misses you.
You hit the goblin.
The goblin is severely wounded.
The goblin closely misses you.
A goblin is nearby!
You closely miss the goblin.
The goblin is severely wounded.
The goblin closely misses you. x2
A goblin is nearby!
You hit the goblin.
You kill the goblin!
Found 19 stones.
No target in view!
You see here 19 stones.
Found 24 bolts.
No target in view!
A hobgoblin comes into view.
A hobgoblin is nearby!
The hobgoblin is too close now for your liking.
The hobgoblin barely misses you.
A hobgoblin is nearby!
You hit the hobgoblin.
The hobgoblin is severely wounded.
The hobgoblin barely misses you.
A hobgoblin is nearby!
You barely miss the hobgoblin.
The hobgoblin is severely wounded.
The hobgoblin hits you.
A hobgoblin is nearby!
You hit the hobgoblin.
You kill the hobgoblin!
You now have 59 gold pieces (gained 8).
Found a meat ration.
No target in view!
h - 3 scrolls labeled ISO XAUSUO {!r} (gained 1)
A frilled lizard comes into view.
A frilled lizard is nearby!
A frilled lizard is nearby!
The frilled lizard barely misses you.
Found 20 stones.
A frilled lizard is nearby!
You closely miss the frilled lizard. The frilled lizard bites you.
The frilled lizard bites you but does no damage.
You hit the frilled lizard.
You kill the frilled lizard!
You see here a frilled lizard corpse.
You see here 20 stones.
A worm comes into view.
A worm is nearby!
A worm is nearby!
A worm is nearby!
The worm bites you!
You hit the worm but do no damage. The worm bites you!
* * * LOW HITPOINT WARNING * * *
You hit the worm but do no damage. You hit the worm.
The worm is lightly wounded.
The worm bites you!
You die...

###
####################.##
#....w@................
#.##################.##
#### ## #. #######.
#....... #.###### #


You could see a worm.

Vanquished Creatures
  An adder (D:2)
  An ooze (D:1)
  A dart slug (D:1)
  A leopard gecko (D:1)
  A giant cockroach (D:1)
  3 goblins
  4 hobgoblins
  5 bats (D:1)
  3 frilled lizards
  5 kobolds
  7 rats
32 creatures vanquished.

Notes
Turn   | Place    | Note
-------+----------+-------------------------------------------
     0 | D:1      | Amnesiac the Mummy Hunter began the quest for the Orb.
     0 | D:1      | Reached XP level 1. HP: 16/16 MP: 1/1
   107 | D:1      | Reached skill level 1 in Armour
   149 | D:1      | Reached XP level 2. HP: 22/22 MP: 2/2
   710 | D:1      | Reached XP level 3. HP: 27/27 MP: 3/3
   996 | D:2      | Slain by a worm

Vault maps used:
D:1:      dpeg_arrival_orchard, minmay_tetromino_s2
D:2:      marbit_many_paths, first_bread, grunt_ministairs_9

Skill      XL: |  1 |
---------------+----+-----
Armour         | 1 |  1.8
Fighting       | |  2.2
Bows           | |  3.5
Dodging        | |  1.8
Stealth        | |  0.7

Action                   || total
-------------------------++-------
Melee: Short sword       ||    93
 Fire: Shortbow          ||    12
 Stab: Sleeping          ||     1
Armor: Leather armour    ||    24
Dodge: Dodged            ||    60

Table legend:
 A = Spawn XP
 B = Non-spawn XP
 C = Spawn XP percentage of total XP
 D = Spawn monster count
 E = Non-spawn monster count
 F = Spawn count percentage of total count
 G = Total turns spent on level
                    A         B        C        D         E        F      G
               +---------+---------+-------+---------+---------+-------+---------
         Total |       0 |      67 |   0.0 |       0 |      32 |   0.0 |   996
               +---------+---------+-------+---------+---------+-------+---------
           D:1 |       0 |      45 |   0.0 |       0 |      25 |   0.0 |   803
           D:2 |       0 |      22 |   0.0 |       0 |       7 |   0.0 |   193
               +---------+---------+-------+---------+---------+-------+---------
